 Dungeon Crawl Stone Soup version 0.30-a0-329-g85436e0a43 (webtiles) character file.

Game seed: 11658701404435052396

198 koil the Grave Robber (level 5, -3/38 HPs)
             Began as a Demonspawn Necromancer on Oct 29, 2022.
             Splashed by a jelly's acid (7 damage)
             ... on level 4 of the Dungeon.
             The game lasted 00:08:56 (2558 turns).

koil the Grave Robber (Demonspawn Necromancer)      Turns: 2558, Time: 00:08:56

Health: -3/38      AC: -6    Str:  8    XL:     5   Next: 47%
Magic:  9/9        EV: 13    Int: 19    God:
Gold:   398        SH:  0    Dex: 19    Spells: 1/9 levels left

rFire   . . .      SeeInvis .    a - +0 dagger
rCold   . . .      Faith    .    (no shield)
rNeg    . . .      Spirit   .    d - +0 robe
rPois   .          Reflect  .    (no helmet)
rElec   .          Harm     .    (no cloak)
rCorr   .          Rampage  .    (no gloves)
Will    .....                    (no boots)
Stlth   ++........               (no amulet)
HPRegen 0.26/turn                r - +6 ring of dexterity
MPRegen 0.11/turn                (no ring)

@: corroded
A: foul stench 1, demonic touch 2
a: no special abilities


You were on level 4 of the Dungeon.
You visited 1 branch of the dungeon, and saw 4 of its levels.

You collected 398 gold pieces.

Inventory:

Hand Weapons
 a - a +0 dagger (weapon)
 h - a +1 whip of venom
 s - a +0 vorpal spear
Missiles
 m - 7 poisoned darts
Armour
 d - a +0 robe (worn)
Magical Staves
 v - a staff of earth
Jewellery
 n - an amulet of faith
 r - a +6 ring of dexterity (left hand)
Wands
 w - a wand of paralysis (11)
Scrolls
 e - a scroll of fear {unknown}
 g - 2 scrolls of teleportation {unknown}
 i - 3 scrolls of identify {unknown}
 j - a scroll of noise {unknown}
 l - a scroll of torment {unknown}
 o - a scroll of immolation {unknown}
 p - a scroll of magic mapping {unknown}
 q - a scroll of amnesia {unknown}
 t - a scroll of enchant armour {unknown}
Potions
 b - a potion of magic
 c - a potion of might {unknown}
 f - 2 potions of heal wounds {unknown}
 k - 3 potions of curing {unknown}
 u - a potion of flight {unknown}
 x - a potion of attraction {unknown}


   Skills:
 + Level 1.9 Fighting
 + Level 1.6 Short Blades
 + Level 2.7 Dodging
 + Level 2.7 Stealth
 + Level 2.8 Spellcasting
 + Level 5.0 Necromancy


You had one spell level left.
You knew the following spells:

 Your Spells              Type           Power      Damage    Failure   Level
a - Necrotise             Necr           84%        1d8       1%          1
b - Animate Dead          Necr           21%        N/A       21%         4
c - Vampiric Draining     Necr           21%        2d7       6%          3

Your spell library contained the following spells:

 Spells                   Type           Power      Damage    Failure   Level
 Agony                    Necr           21%        N/A       50%         5


Dungeon Overview and Level Annotations

Branches:
Dungeon (4/15)
 Temple: D:4-7

Altars:

Shops:
D:3 =


Innate Abilities, Weirdness & Mutations

You may rarely emit foul miasma when damaged in melee.
Your touch may inflict irresistible damage on your foes.


Message History

You kill the orc!
No target in view!
No target in view!
You now have 389 gold pieces (gained 6).
You now have 398 gold pieces (gained 9).
Things that are here:
a +0 dagger; an orc corpse
Found a stone staircase leading down.
There is an open door here.
There is an open door here.
There is an open door here.
Done exploring.
Done exploring.
Done exploring.
There is an open door here.
There is a stone staircase leading down here.
You climb downwards.
Found a scroll labelled KITED LAGGA.
There is a stone staircase leading up here.
A jelly comes into view.
The helpless endoplasm fails to defend itself.
You impale the endoplasm!!
You kill the endoplasm!
The jelly quivers.
Your Necromancy skill increases to level 5!
Found a scroll labelled ONUELE PAINOFI.
Found a stone staircase leading down.
The jelly hits you. The acid corrodes you!
You are splashed with acid!
You hit the jelly.
Your hands burn!
The jelly is lightly wounded.
The jelly hits you. The acid corrodes you!
You are splashed with acid!
You emit a cloud of foul miasma!
You are too injured to fight recklessly!
The jelly is engulfed in dark miasma.
The jelly hits you.
You are splashed with acid!
* * * LOW HITPOINT WARNING * * *
The jelly is engulfed in dark miasma.
The jelly hits you.
* * * LOW HITPOINT WARNING * * *
You are splashed with acid!
You die...

# .# ..+ #.######
..^# # #...?..#
....#
....######.##.....#
>.....J@...<.....#
######.#.#.##.##.#
#.#.#.# # #.#.#..
#.#....? #.#......
#+#......# ..##+#.#


You could see a jelly.

Vanquished Creatures
  An iguana (D:3)
  Ijyb (D:3)
  3 gnolls (D:2)
  5 adders
  3 worms
  3 dart slugs
  2 orcs (D:3)
  9 endoplasms
  2 giant cockroaches
  3 goblins
  3 hobgoblins
  A jackal (D:3)
  8 kobolds
  2 quokkas
  5 ball pythons
  3 bats
  6 frilled lizards
  5 rats
65 creatures vanquished.

Vanquished Creatures (others)
  A kobold zombie (D:3)
1 creature vanquished.

Grand Total: 66 creatures vanquished

Notes
Turn   | Place    | Note
-------+----------+-------------------------------------------
     0 | D:1      | koil the Demonspawn Necromancer began the quest for the
                  | Orb.
     0 | D:1      | Reached XP level 1. HP: 13/13 MP: 3/3
   259 | D:1      | Gained mutation: Your touch may inflict minor irresistible
                  | damage on your foes. [demonic ancestry]
   259 | D:1      | Reached XP level 2. HP: 4/20 MP: 0/5
  1006 | D:2      | Gained mutation: You may rarely emit foul miasma when
                  | damaged in melee. [demonic ancestry]
  1006 | D:2      | Reached XP level 3. HP: 24/25 MP: 6/6
  1037 | D:2      | Reached skill level 1 in Fighting
  1171 | D:2      | Reached skill level 1 in Short Blades
  1387 | D:2      | Gained mutation: Your touch may inflict irresistible damage
                  | on your foes. [demonic ancestry]
  1387 | D:2      | Reached XP level 4. HP: 32/32 MP: 4/7
  1785 | D:3      | Reached XP level 5. HP: 3/38 MP: 4/9
  1931 | D:3      | Learned a level 4 spell: Animate Dead
  2219 | D:3      | Noticed Ijyb
  2222 | D:3      | Paralysed by Ijyb for 2 turns
  2232 | D:3      | Killed Ijyb
  2338 | D:3      | Learned a level 3 spell: Vampiric Draining
  2451 | D:3      | Found Lyticas's Jewellery Emporium.
  2553 | D:4      | Reached skill level 5 in Necromancy
  2558 | D:4      | Splashed by a jelly's acid

Illustrated notes

Levels and vault maps discovered:
D:1:      kilobyte_arrival_exit_the_forest, layout_loops_ring,
          patterned_corridor
D:2:      layout_rooms
D:3:      minmay_spotlight, layout_basic, serial_shops, shop_coins,
          minmay_misc_feat_more_columns, minmay_misc_feat_encased, uniq_ijyb
D:4:      layout_basic, minmay_temple_entry_crystal_x

Skill      XL: |  1  2  3  4  5 |
---------------+----------------+-----
Dodging        | 2 |  2.7
Stealth        | 2 |  2.7
Fighting       | 1 |  1.9
Short Blades   | 1 |  1.6
Necromancy     | 5 |  5.0
Spellcasting   | |  2.8

Action                   |  1- 3 |  4- 6 || total
-------------------------+-------+-------++-------
Melee: Dagger            |    71 |    41 ||   112
       Unarmed           |     7 |       ||     7
       Touch             |    13 |     8 ||    21
       Punch             |     1 |       ||     1
       Whip              |       |     1 ||     1
 Cast: Necrotise         |    13 |    30 ||    43
       Animate Dead      |       |     1 ||     1
 Stab: Sleeping          |     6 |     5 ||    11
Armor: Robe              |    18 |     2 ||    20
Dodge: Dodged            |    51 |    32 ||    83

Table legend: (Time is in decaauts)
 A = Elapsed time spent in this place.
 B = Non-inter-level travel time spent in this place.
 C = Inter-level travel time spent in this place.
 D = Time resting spent in this place.
 E = Time spent auto-exploring this place.
 F = Levels seen in this place.
 G = Mean time per level.
                   A        B        C        D        E       F      G
               +--------+--------+--------+--------+--------+-----+--------+
         Total |   2574 |   2520 |     54 |    224 |   1797 |   4 |  643.5 |
       Dungeon |   2574 |   2520 |     54 |    224 |   1797 |   4 |  643.5 |
               +--------+--------+--------+--------+--------+-----+--------+

Top non-repeatable levels by time:
     D:3: 906 daAuts
     D:1: 851 daAuts
     D:2: 808 daAuts
     D:4: 7 daAuts
